 Dungeon Crawl Stone Soup version 0.28.0 (webtiles) character file.

Game seed: 2327195697896283282

203 Akaron the Covert (level 5, 0/35 HPs)
             Began as an Octopode Brigand on Feb 13, 2022.
             Slain by a ball python (2 damage)
             ... in a sewer.
             The game lasted 00:03:40 (2355 turns).

Akaron the Covert (Octopode Brigand)                Turns: 2355, Time: 00:03:41

Health: 0/35       AC:  1    Str: 11    XL:     5   Next: 81%
Magic:  5/5        EV: 13    Int: 13    God:
Gold:   128        SH:  0    Dex: 15    Spells: 4/4 levels left

rFire   . . .      SeeInvis .   e - +2 dagger (flame)
rCold   . . .      Faith    .   (no shield)
rNeg    . . .      Spirit   .   (helmet restricted)
rPois   .          Reflect  .   (no amulet)
rElec   .          Harm     .   (no ring)
rCorr   .          Rampage  .   (no ring)
Will    .....                   (no ring)
Stlth   ++++++....              (no ring)
HPRegen 0.11/turn               (no ring)
MPRegen 0.09/turn               (no ring)
                                (no ring)
                                (no ring)

@: no status effects
A: almost no armour, amphibious, 8 rings, camouflage 1, gelatinous body 1,
nimble swimmer 1, tentacles
a: no special abilities


You were in a sewer.
You visited 1 branch of the dungeon, and saw 3 of its levels.
You also visited: Sewer.

You collected 128 gold pieces.

Inventory:

Hand Weapons
 e - a +2 dagger of flaming (weapon)
Missiles
 b - 8 poisoned darts (quivered)
 c - 2 curare-tipped darts
Scrolls
 a - a scroll of vulnerability {unknown}
 f - 2 scrolls of identify {unknown}
 h - a scroll of enchant armour {unknown}
Potions
 d - a potion of lignification {unknown}
 g - a potion of curing {unknown}


   Skills:
 + Level 2.3 Fighting
 + Level 3.5 Short Blades
 + Level 2.2 Throwing
 + Level 1.3 Dodging
 + Level 8.0 Stealth


You had 4 spell levels left.
You didn't know any spells.
Your spell library contained the following spells:

 Spells                   Type           Power      Damage    Failure   Level
 Magic Dart               Conj           0%         1d3       30%         1
 Call Imp                 Summ           0%         N/A       43%         2
 Frozen Ramparts          Ice            0%         1d2       67%         3
 Mephitic Cloud           Conj/Pois/Air  0%         N/A       67%         3
 Ice Form                 Ice/Tmut       0%         N/A       97%         4
 Summon Ice Beast         Ice/Summ       0%         N/A       97%         4


Dungeon Overview and Level Annotations

Branches:
Dungeon (3/15)              Sewer (1/1)

Altars:


Innate Abilities, Weirdness & Mutations

You cannot wear most types of armour.
You are amphibious.
You can wear up to eight rings at the same time.
Your skin changes colour to match your surroundings (Stealth+).
Your rubbery body absorbs attacks. (AC +1, EV +1)
You are camouflaged when in or above water. (Stealth+)
You have tentacles for arms and can constrict up to eight enemies at once.


Message History

The kobold misses you. The adder bites you.
You barely miss the adder. Your grab misses the adder.
Your squeeze misses the adder.
The kobold splashes around in the water.
The adder bites you.
You are poisoned.
The adder poisons you! The ball python completely misses you.
The ball python grabs you. The ball python constricts you.
You closely miss the adder. You grab the adder. You constrict the adder.
You feel sick. The adder bites you. The ball python bites you.
The ball python constricts you. The kobold misses you.
You hit the adder. You burn the adder. You squeeze the adder.
You kill the adder!
You feel sick. The ball python bites you. The ball python constricts you.
Your Stealth skill increases to level 8!
You hit the ball python. You burn the ball python.
You kill the ball python!
You feel sick. The kobold closely misses you.
The ball python barely misses you. The ball python closely misses you.
You hit the kobold but do no damage. Your grab misses the kobold.
You feel sick. The kobold hits you with a +0 whip.
* * * LOW HITPOINT WARNING * * *
The ball python bites you but does no damage.
The ball python misses you.
You barely miss the kobold. Your grab misses the kobold.
Your squeeze misses the kobold.
You feel sick.
The kobold splashes around in the water.
The ball python barely misses you. The ball python misses you.
You closely miss the kobold. You grab the kobold. You constrict the kobold.
You feel sick.
You are no longer poisoned.
The kobold hits you with a +0 whip.
* * * LOW HITPOINT WARNING * * *
The ball python bites you.
* * * LOW HITPOINT WARNING * * *
The ball python closely misses you.
You hit the kobold but do no damage.
The kobold is moderately wounded.
You constrict the kobold. The ball python bites you.
You die...

#..≈...######
.≈#≈.≈≈P...≈≈≈≈≈≈
#≈#≈..≈..≈≈≈≈≈≈≈≈
#≈#.≈≈.≈.P≈.≈≈≈≈≈
########≈#.≈...≈...≈≈≈≈
.≈#≈#..#≈#≈≈..≈≈≈P≈≈≈≈
≈.#≈#.≈P..≈≈≈≈).≈P.#####
.≈#≈#≈...≈≈≈†≈≈≈S.≈.≈≈≈≈
..#≈#..≈≈≈...≈.≈@..###
≈≈#≈#≈≈≈≈#≈#.≈)≈≈K≈.≈≈≈≈
..≈.≈≈.###≈###..≈.≈.≈≈≈≈
...≈#### #≈# ##..≈≈.≈≈≈≈
≈...# #≈# ##.≈...≈≈≈
.≈.## #≈# ##.≈≈≈≈≈≈
##########≈# #.≈.≈≈≈
≈≈≈≈††≈≈≈#≈. .≈≈≈≈≈
##########


You could see a ball python and a kobold.

Vanquished Creatures
  Natasha (thrice) (D:2)
  3 adders
  3 river rats
  3 worms
  4 bats
  7 endoplasms
  A giant cockroach (D:2)
  6 goblins
  4 hobgoblins
  7 jackals
  5 quokkas
  6 ball pythons
  9 kobolds
  5 rats
66 creatures vanquished.

Vanquished Creatures (others)
  10 plants (Sewer)
10 creatures vanquished.

Grand Total: 76 creatures vanquished

Notes
Turn   | Place    | Note
-------+----------+-------------------------------------------
     0 | D:1      | Akaron the Octopode Brigand began the quest for the Orb.
     0 | D:1      | Reached XP level 1. HP: 14/14 MP: 1/1
   130 | D:1      | Reached XP level 2. HP: 15/19 MP: 2/2
   292 | D:1      | Reached skill level 6 in Stealth
   452 | D:1      | Reached XP level 3. HP: 24/24 MP: 3/3
   907 | D:2      | Noticed Natasha
   916 | D:2      | Killed Natasha
   917 | D:2      | Reached XP level 4. HP: 6/29 MP: 4/4
  1453 | D:2      | Noticed Natasha
  1464 | D:2      | Killed Natasha
  1465 | D:2      | Reached skill level 7 in Stealth
  1530 | D:2      | Noticed Natasha
  1539 | D:2      | Killed Natasha
  1540 | D:2      | Reached XP level 5. HP: 25/34 MP: 5/5
  2194 | D:3      | Found a glowing drain.
  2198 | Sewer    | Entered a sewer
  2351 | Sewer    | Reached skill level 8 in Stealth
  2355 | Sewer    | Slain by a ball python

Illustrated notes

Levels and vault maps discovered:
D:1:      dpeg_arrival_round_c, layout_basic, serial_glass, glass_columns_b,
          glass_columns_a, glass_columns_a, glass_columns_a, minivault_25
D:2:      layout_basic, minmay_pentomino_q2, uniq_natasha
D:3:      layout_rooms, gup_sewer_entry_bowl, corner_web_ring,
          minmay_stone_trees_small, uniq_crazy_yiuf_cottage, uniq_terence,
          uniq_robin
Sewer:    sewer_co_scattered_pipes

Skill      XL: |  1  2  3  4  5 |
---------------+----------------+-----
Stealth        | 6 7 8 |  8.0
Short Blades   | 3 |  3.5
Fighting       | |  2.3
Throwing       | |  2.2
Dodging        | |  1.3

Action                   |  1- 3 |  4- 6 || total
-------------------------+-------+-------++-------
Melee: Dagger            |    48 |    83 ||   131
       Constrict         |     7 |    19 ||    26
       Tentacles         |     5 |    17 ||    22
       Punch             |       |     1 ||     1
 Stab: Sleeping          |    13 |     9 ||    22
Armor: Skin              |     1 |     4 ||     5
Dodge: Dodged            |    22 |    46 ||    68
